3L
MONTANA PANDAS @ ATHLETIC CLUB KC
07/27/2039
 
TOP OF THE 1ST
Montana Pandas batting - Pitching for Athletic Club KC : RHP Tupac Blanch
Pitching: RHP Tupac Blanch
Batting: RHB Urs van Munster 0-0: Ball
1-0: SINGLE (Line Drive, 9LS, EV 94.4 MPH)
Batting: LHB DeMarvion Overshown 0-0: Called Strike
0-1: Foul Ball, location: 2F
0-2: Foul Ball, location: 2F
0-2: Ball
1-2: Fly out, F9 (Line Drive, 9D, EV 104.4 MPH)
Batting: RHB Norm Chodorow 0-0: Ball
1-0: Fly out, F6 (Line Drive, 6, EV 70.0 MPH)
Batting: SHB Javier Vázquez 0-0: Ball
Urs van Munster is caught stealing 2nd base 2-6
Top of the 1st over - 0 runs, 1 hit, 0 errors, 0 left on base; Montana 0 - Athletic Club KC 0
BOTTOM OF THE 1ST
Athletic Club KC batting - Pitching for Montana Pandas : RHP Dahab Kanda
Pitching: RHP Dahab Kanda
Batting: LHB César Núñez 0-0: Foul Ball, location: 2F
0-1: Ground out 6-3 (Groundball, 6, EV 83.1 MPH)
Batting: LHB Todd Baker 0-0: Called Strike
0-1: SINGLE (Groundball, 3, EV 105.6 MPH) (infield hit)
Batting: SHB Shiki Sanu 0-0: Fly out, F9 (Flyball, 9D, EV 86.9 MPH)
Batting: LHB Héctor Velázquez 0-0: Foul Ball, location: 2F
0-1: Foul Ball, location: 2F
0-2: Ball
1-2: Ball
2-2: Ball
3-2: Strikes out swinging
Bottom of the 1st over - 0 runs, 1 hit, 0 errors, 1 left on base; Montana 0 - Athletic Club KC 0
TOP OF THE 2ND
Montana Pandas batting - Pitching for Athletic Club KC : RHP Tupac Blanch
Batting: SHB Javier Vázquez 0-0: Ball
1-0: Called Strike
1-1: SINGLE (Groundball, 4MD, EV 105.6 MPH)
Batting: RHB Anselmo Berneu 0-0: Called Strike
0-1: Ball
Wild Pitch!
Javier Vázquez to second
1-1: Foul Ball, location: 2F
1-2: Foul Ball, location: 2F
1-2: Strikes out swinging
Batting: RHB Edgar Baeza 0-0: Ball
1-0: Swinging Strike
1-1: Ball
2-1: Ball
3-1: Base on Balls
Batting: LHB Yao-pang Chiang 0-0: Ball
1-0: Ball
2-0: Ball
3-0: Called Strike
3-1: Called Strike
3-2: Base on Balls
Javier Vázquez to third
Edgar Baeza to second
Batting: RHB Wilbur Davis 0-0: Ball
1-0: Swinging Strike
1-1: Ball
2-1: Ball
3-1: Base on Balls
Javier Vázquez scores
Edgar Baeza to third
Yao-pang Chiang to second
Batting: SHB Manu Pakkarinen 0-0: Foul Ball, location: 2F
0-1: Swinging Strike
0-2: Fielders Choice at 2nd, 6-4 (Groundball, 6, EV 106.2 MPH)
Edgar Baeza scores
Yao-pang Chiang to third
Batting: RHB Urs van Munster 0-0: SINGLE (Line Drive, 4D, EV 98.8 MPH)
Yao-pang Chiang scores
Manu Pakkarinen to second
Runner from 2nd tries for 3rd, SAFE, throw by RF made to third
Batting: LHB DeMarvion Overshown 0-0: Ball
1-0: Ball
2-0: SINGLE (Flyball, 78S, EV 91.9 MPH)
Manu Pakkarinen scores
Urs van Munster to second
Runner from 2nd tries for 3rd, SAFE, throw by LF made to third
Batting: RHB Norm Chodorow 0-0: Ball
1-0: Foul Ball, location: 2F
1-1: Fly out, F8 (Line Drive, 8RD, EV 91.2 MPH)
Top of the 2nd over - 4 runs, 3 hits, 0 errors, 2 left on base; Montana 4 - Athletic Club KC 0
BOTTOM OF THE 2ND
Athletic Club KC batting - Pitching for Montana Pandas : RHP Dahab Kanda
Batting: LHB José Rodríguez 0-0: Ball
1-0: Ball
2-0: Ball
3-0: Called Strike
3-1: Foul Ball, location: 2F
3-2: Base on Balls
Batting: LHB Pablo Hernández 0-0: Ball
1-0: Ball
2-0: Called Strike
2-1: Foul Ball, location: 2F
2-2: Ball
3-2: Base on Balls
José Rodríguez to second
Batting: RHB Tasuku Goto 0-0: Ball
1-0: Ball
2-0: Ball
3-0: Called Strike
3-1: Foul Ball, location: 2F
3-2: Fielders Choice at 2nd, 5-4 (Groundball, 56, EV 88.1 MPH)
José Rodríguez to third
Batting: RHB Wade Tazewell 0-0: Ball
Tasuku Goto steals 2nd base
1-0: Ball
2-0: Swinging Strike
2-1: Foul Ball, location: 2F
2-2: Ground out 5-3 (Groundball, 5, EV 83.8 MPH)
Batting: RHB Armando Altagracia 0-0: Ground out 5-3 (Groundball, 56, EV 95.0 MPH)
Bottom of the 2nd over - 0 runs, 0 hits, 0 errors, 2 left on base; Montana 4 - Athletic Club KC 0
TOP OF THE 3RD
Montana Pandas batting - Pitching for Athletic Club KC : RHP Tupac Blanch
Batting: SHB Javier Vázquez 0-0: Ball
1-0: Called Strike
1-1: Ball
2-1: Ground out 4-3 (Groundball, 4, EV 85.0 MPH)
Batting: RHB Anselmo Berneu 0-0: Called Strike
0-1: Swinging Strike
0-2: Ball
1-2: SINGLE (Line Drive, 7LM, EV 99.4 MPH)
Batting: RHB Edgar Baeza 0-0: Foul Ball, location: 2F
0-1: Ball
1-1: Swinging Strike
1-2: Ball
2-2: Ball
3-2: Reached on error, E1 (Groundball, 34S, EV 65.0 MPH)
Anselmo Berneu to second
Batting: LHB Yao-pang Chiang 0-0: Ball
1-0: Ball
2-0: Ball
3-0: Base on Balls
Anselmo Berneu to third
Edgar Baeza to second
Batting: RHB Wilbur Davis 0-0: Ball
1-0: Ball
2-0: SINGLE (Line Drive, 8LS, EV 93.8 MPH)
Anselmo Berneu scores
Edgar Baeza to third
Yao-pang Chiang to second
Runner from 3rd tries for Home, SAFE, throw by CF to home
Batting: SHB Manu Pakkarinen 0-0: Ball
1-0: Foul Ball, location: 2F
1-1: Fielders Choice at 2nd, 6-4 (Groundball, 6, EV 75.6 MPH)
Yao-pang Chiang to third
Batting: RHB Urs van Munster 0-0: Foul Ball, location: 2F
0-1: Ground out 5-3 (Groundball, 5S, EV 69.4 MPH)
Top of the 3rd over - 2 runs, 2 hits, 1 error, 2 left on base; Montana 6 - Athletic Club KC 0
BOTTOM OF THE 3RD
Athletic Club KC batting - Pitching for Montana Pandas : RHP Dahab Kanda
Batting: LHB César Núñez 0-0: Ball
1-0: Ball
2-0: Foul Ball, location: 2F
2-1: SINGLE (Groundball, 6MD, EV 96.2 MPH)
Batting: LHB Todd Baker 0-0: Ball
1-0: Ball
2-0: Called Strike
2-1: Swinging Strike
2-2: Strikes out swinging
Batting: SHB Shiki Sanu 0-0: Grounds into double play, 4-6-3 (Groundball, 34, EV 105.6 MPH)
Bottom of the 3rd over - 0 runs, 1 hit, 0 errors, 0 left on base; Montana 6 - Athletic Club KC 0
TOP OF THE 4TH
Montana Pandas batting - Pitching for Athletic Club KC : RHP Tupac Blanch
Batting: LHB DeMarvion Overshown 0-0: Foul Ball, location: 2F
0-1: Foul Ball, location: 2F
0-2: Ball
1-2: Foul Ball, location: 2F
1-2: SINGLE (Flyball, 89S, EV 93.8 MPH)
Batting: RHB Norm Chodorow 0-0: Ball
1-0: Called Strike
1-1: Ball
2-1: SINGLE (Line Drive, 78M, EV 103.1 MPH)
DeMarvion Overshown to second
Batting: SHB Javier Vázquez 0-0: Ball
1-0: Ball
2-0: Foul Ball, location: 2F
2-1: Swinging Strike
2-2: Ball
3-2: Base on Balls
DeMarvion Overshown to third
Norm Chodorow to second
Batting: RHB Anselmo Berneu 0-0: Called Strike
0-1: Ball
1-1: Fly out, F8 (Flyball, 8LXD, EV 103.1 MPH)
Runner from 3rd tags up, SCORES, no throw by CF
Norm Chodorow to third
Pitching: LHP Ben Skelton
Batting: RHB Edgar Baeza 0-0: Called Strike
0-1: DOUBLE (Line Drive, 89XD, EV 104.4 MPH)
Norm Chodorow scores
Javier Vázquez to third
Runner from 3rd tries for Home, SAFE, throw by CF to trailing runner, SAFE at third!
Batting: LHB Yao-pang Chiang 0-0: Called Strike
0-1: Swinging Strike
0-2: Ball
1-2: Ball
2-2: Strikes out swinging
Batting: RHB Wilbur Davis 0-0: Called Strike
0-1: Ball
1-1: Swinging Strike
1-2: Foul Ball, location: 2F
1-2: Ball
2-2: Fly out, F8 (Flyball, 8LM, EV 85.0 MPH)
Top of the 4th over - 3 runs, 3 hits, 0 errors, 1 left on base; Montana 9 - Athletic Club KC 0
BOTTOM OF THE 4TH
Athletic Club KC batting - Pitching for Montana Pandas : RHP Dahab Kanda
Batting: LHB Héctor Velázquez 0-0: Ball
1-0: SINGLE (Groundball, 34D, EV 98.1 MPH)
Batting: LHB José Rodríguez 0-0: Foul Ball, location: 2F
0-1: Foul Ball, location: 2F
0-2: Ball
1-2: Fielders Choice at 2nd, 1-6 (Groundball, 13, EV 84.4 MPH)
Batting: LHB Pablo Hernández 0-0: Ball
1-0: Called Strike
José Rodríguez steals 2nd base (no throw)
1-1: Swinging Strike
1-2: Fly out, F9 (Line Drive, 9, EV 86.2 MPH)
Batting: RHB Tasuku Goto 0-0: Foul Ball, location: 2F
0-1: Foul Ball, location: 2F
0-2: Foul Ball, location: 2F
0-2: Fly out, F7 (Flyball, 7S, EV 70.0 MPH)
Bottom of the 4th over - 0 runs, 1 hit, 0 errors, 1 left on base; Montana 9 - Athletic Club KC 0
TOP OF THE 5TH
Montana Pandas batting - Pitching for Athletic Club KC : LHP Ben Skelton
Batting: SHB Manu Pakkarinen 0-0: Ball
1-0: TRIPLE (Line Drive, 9D, EV 108.8 MPH)
Batting: RHB Urs van Munster 0-0: Foul Ball, location: 2F
0-1: Ground out U3 (Groundball, 34, EV 104.4 MPH)
Manu Pakkarinen scores
Batting: LHB DeMarvion Overshown 0-0: Ball
1-0: Swinging Strike
1-1: Foul Ball, location: 2F
1-2: Strikes out swinging
Batting: RHB Norm Chodorow 0-0: Called Strike
0-1: Fly out, F9 (Line Drive, 9D, EV 102.5 MPH)
Top of the 5th over - 1 run, 1 hit, 0 errors, 0 left on base; Montana 10 - Athletic Club KC 0
BOTTOM OF THE 5TH
Athletic Club KC batting - Pitching for Montana Pandas : RHP Dahab Kanda
Batting: RHB Wade Tazewell 0-0: Ball
1-0: Ball
2-0: Fly out, F4 (Popup, 34S, EV 75.0 MPH)
Batting: RHB Armando Altagracia 0-0: Ball
1-0: Foul Ball, location: 2F
1-1: SINGLE (Groundball, 56, EV 83.1 MPH) (infield hit)
Batting: LHB César Núñez 0-0: Ball
1-0: Ball
Armando Altagracia steals 2nd base
2-0: Called Strike
2-1: SINGLE (Groundball, 6D, EV 95.0 MPH)
Armando Altagracia to third
Runner from 3rd tries for Home, SAFE, throw by LF to home
César Núñez to second
Batting: LHB Todd Baker 0-0: Ball
1-0: Ground out 6-3 (Groundball, 6M, EV 87.5 MPH)
César Núñez to third
Batting: SHB Shiki Sanu 0-0: Called Strike
0-1: Foul Ball, location: 2F
0-2: Ball
1-2: Foul Ball, location: 2F
1-2: Foul Ball, location: 2F
1-2: Foul Ball, location: 2F
1-2: Ball
2-2: Ball
3-2: SINGLE (Line Drive, 56D, EV 97.5 MPH)
César Núñez scores
Pitching: RHP António Alomar
Batting: LHB Héctor Velázquez 0-0: Called Strike
0-1: Ball
1-1: Ball
2-1: Foul Ball, location: 2F
2-2: Ground out 1-3 (Groundball, 13, EV 88.1 MPH)
Bottom of the 5th over - 2 runs, 3 hits, 0 errors, 1 left on base; Montana 10 - Athletic Club KC 2
TOP OF THE 6TH
Montana Pandas batting - Pitching for Athletic Club KC : LHP Ben Skelton
Batting: SHB Javier Vázquez 0-0: Ball
1-0: Ground out 6-3 (Groundball, 6MS, EV 65.0 MPH)
Batting: RHB Anselmo Berneu 0-0: Ball
1-0: Called Strike
1-1: Called Strike
1-2: Foul Ball, location: 2F
1-2: Foul Ball, location: 2F
1-2: Strikes out swinging
Batting: RHB Edgar Baeza 0-0: Foul Ball, location: 2F
0-1: Called Strike
0-2: Foul Ball, location: 2F
0-2: Ball
1-2: Ball
2-2: Ball
3-2: Foul Ball, location: 2F
3-2: SINGLE (Groundball, 6MD, EV 97.5 MPH)
Batting: LHB Yao-pang Chiang 0-0: Ball
Wild Pitch!
Edgar Baeza to second
1-0: SINGLE (Line Drive, 8LM, EV 98.1 MPH)
Edgar Baeza to third
Batting: RHB Wilbur Davis 0-0: Ball
1-0: Ball
2-0: Called Strike
2-1: Foul Ball, location: 2F
2-2: Ball
3-2: Strikes out swinging
Top of the 6th over - 0 runs, 2 hits, 0 errors, 2 left on base; Montana 10 - Athletic Club KC 2
BOTTOM OF THE 6TH
Athletic Club KC batting - Pitching for Montana Pandas : RHP António Alomar
Batting: LHB José Rodríguez 0-0: Swinging Strike
0-1: Ball
1-1: Foul Ball, location: 2F
1-2: Foul Ball, location: 2F
1-2: Ball
2-2: Strikes out swinging, 2-3 out at first.
Batting: LHB Pablo Hernández 0-0: Ball
1-0: SINGLE (Line Drive, 7LS, EV 88.1 MPH)
Batting: RHB Tasuku Goto 0-0: Fly out, F8 (Flyball, 8LM, EV 92.5 MPH)
Batting: RHB Wade Tazewell 0-0: Ball
1-0: Foul Ball, location: 2F
1-1: Ball
2-1: Ball
3-1: Foul Ball, location: 2F
3-2: Fly out, F9 (Line Drive, 9, EV 93.8 MPH)
Bottom of the 6th over - 0 runs, 1 hit, 0 errors, 1 left on base; Montana 10 - Athletic Club KC 2
TOP OF THE 7TH
Montana Pandas batting - Pitching for Athletic Club KC : LHP Ben Skelton
Pitching: LHP Francisco González
Batting: SHB Manu Pakkarinen 0-0: SINGLE (Groundball, 25, EV 65.6 MPH) (infield hit)
Pinch Hitting: RHB Apu Nahasapeemapetilon 0-0: Swinging Strike
0-1: Swinging Strike
0-2: Ball
1-2: Strikes out swinging
Pinch Hitting: RHB Raúl Ruíz 0-0: Fly out, F3 (Line Drive, 3, EV 71.2 MPH)
Lined into DP, U3 (Line Drive, 3, EV 71.2 MPH)
Top of the 7th over - 0 runs, 1 hit, 0 errors, 0 left on base; Montana 10 - Athletic Club KC 2
BOTTOM OF THE 7TH
Athletic Club KC batting - Pitching for Montana Pandas : RHP António Alomar
Now at 1B: Tsai Ng
Now in LF: Steven Rohrs
Pinch Hitting: RHB David Lozano 0-0: Called Strike
0-1: Foul Ball, location: 2F
0-2: Ball
1-2: Strikes out swinging
Batting: LHB César Núñez 0-0: Hit by Pitch
Batting: LHB Todd Baker 0-0: Foul Ball, location: 2F
0-1: Ball
1-1: Fly out, F9 (Flyball, 9S, EV 93.8 MPH)
Batting: SHB Shiki Sanu 0-0: Ball
1-0: Called Strike
1-1: Foul Ball, location: 2F
1-2: Ground out 1-3 (Groundball, 23, EV 85.0 MPH)
Bottom of the 7th over - 0 runs, 0 hits, 0 errors, 1 left on base; Montana 10 - Athletic Club KC 2
TOP OF THE 8TH
Montana Pandas batting - Pitching for Athletic Club KC : LHP Francisco González
Now at 3B: David Lozano
Batting: RHB Norm Chodorow 0-0: Foul Ball, location: 2F
0-1: Ball
1-1: Ball
2-1: Foul Ball, location: 2F
2-2: Ball
3-2: Foul Ball, location: 2F
3-2: Strikes out swinging
Batting: SHB Javier Vázquez 0-0: Fly out, F7 (Flyball, 78M, EV 98.8 MPH)
Batting: RHB Anselmo Berneu 0-0: Ball
1-0: Ball
2-0: Ball
3-0: Base on Balls
Batting: RHB Edgar Baeza 0-0: Swinging Strike
0-1: Swinging Strike
0-2: Strikes out swinging
Top of the 8th over - 0 runs, 0 hits, 0 errors, 1 left on base; Montana 10 - Athletic Club KC 2
BOTTOM OF THE 8TH
Athletic Club KC batting - Pitching for Montana Pandas : RHP António Alomar
Pinch Hitting: RHB Armando Rodríguez 0-0: Ground out 6-3 (Groundball, 6, EV 86.2 MPH)
Batting: LHB José Rodríguez 0-0: Called Strike
0-1: Ball
1-1: Foul Ball, location: 2F
1-2: Strikes out swinging
Batting: LHB Pablo Hernández 0-0: Ball
1-0: Ground out 4-3 (Groundball, 4, EV 85.0 MPH)
Bottom of the 8th over - 0 runs, 0 hits, 0 errors, 0 left on base; Montana 10 - Athletic Club KC 2
TOP OF THE 9TH
Montana Pandas batting - Pitching for Athletic Club KC : LHP Francisco González
Pitching: RHP Taalay Ibragimov
Now in CF: Armando Rodríguez
Batting: LHB Yao-pang Chiang 0-0: Foul Ball, location: 2F
0-1: Ball
1-1: Ball
2-1: Called Strike
2-2: Foul Ball, location: 2F
2-2: Foul Ball, location: 2F
2-2: Foul Ball, location: 2F
2-2: Ball
3-2: Foul Ball, location: 2F
3-2: SOLO HOME RUN (Flyball, 9LD, EV 104.4 MPH), Distance : 333 ft
Batting: RHB Wilbur Davis 0-0: Called Strike
0-1: Ball
1-1: Called Strike
1-2: Ball
2-2: Strikes out swinging
Batting: SHB Manu Pakkarinen 0-0: Called Strike
0-1: Ball
1-1: Foul Ball, location: 2F
1-2: Foul Ball, location: 2F
1-2: SINGLE (Line Drive, 6MD, EV 101.9 MPH)
Batting: LHB Tsai Ng 0-0: Ball
1-0: Swinging Strike
1-1: Ball
2-1: Foul Ball, location: 2F
2-2: Strikes out swinging
Batting: RHB Steven Rohrs 0-0: Called Strike
0-1: Reached on error, E6 (Groundball, 6, EV 101.9 MPH)
Manu Pakkarinen to second
Batting: RHB Norm Chodorow 0-0: Ball
Wild Pitch!
Manu Pakkarinen to third
Steven Rohrs to second
1-0: Foul Ball, location: 2F
1-1: Foul Ball, location: 2F
1-2: Strikes out swinging
Top of the 9th over - 1 run, 2 hits, 1 error, 2 left on base; Montana 11 - Athletic Club KC 2
BOTTOM OF THE 9TH
Athletic Club KC batting - Pitching for Montana Pandas : RHP António Alomar
Batting: RHB Tasuku Goto 0-0: SINGLE (Groundball, 6MD, EV 98.1 MPH)
Pitching: LHP Ricky McCauley
Batting: RHB Wade Tazewell 0-0: Called Strike
0-1: Grounds into double play, 5-4-3 (Groundball, 5S, EV 80.6 MPH)
Batting: RHB David Lozano 0-0: Ball
1-0: Called Strike
1-1: Swinging Strike
1-2: Strikes out swinging
Bottom of the 9th over - 0 runs, 1 hit, 0 errors, 0 left on base; Montana 11 - Athletic Club KC 2
Wednesday, July 8th, 2020 - OOTP Baseball 20.8 Build 74